Map: Lerilak Crest

Players

RazerBlader

  • Race: Zerg Zerg

Kyo - Winner!

  • Race: Protoss Protoss

VOD

Have the link to the VOD?

Description

Time

  • Played on: May 3, 2015, 5:12 p.m.
  • Length: 8:45
Show
View Real Time Build Order
Export as new Build Order

RazerBlader Zerg 

Build Orders: 3 Hatch before Pool 

Get SALT Encoding   

  12  0:01  Drone  
  13  0:10  Drone  
  14  0:16  Overlord  
  14  0:32  Extractor  
  14  0:33  Drone  
  14  0:34  Drone x2, Extractor  
  17  0:46  Drone  
  18  0:58  Drone  
  19  1:08  Drone  
  19  1:10  Hatchery  
  19  1:23  Drone  
  20  1:32  Hatchery, Drone  
  20  1:44  Spawning Pool  
  20  1:54  Drone x2  
  20  1:57  Extractor  
  20  2:10  Drone  
  21  2:18  Overlord  
  21  2:23  Drone x2  
  23  2:31  Queen  
  23  2:32  Queen  
  27  2:42  Zergling x4  
  29  2:44  Queen  
  29  2:45  Drone  
  29  2:46  Drone  
  29  2:50  Drone  
  34  2:54  Overlord  
  34  3:01  Metabolic Boost  
  34  3:07  Drone x2  
  35  3:13  Drone, Spine Crawler  
  35  3:14  Drone  
  35  3:23  Drone x4  
  39  3:28  Queen  
  41  3:36  Overlord  
  41  3:37  Drone x2  
  41  3:38  Drone  
  44  3:46  Drone x2  
  44  3:47  Drone  
  47  3:58  Drone x9  
  56  4:03  Overlord, Drone  
  57  4:14  Zergling x2  
  57  4:15  Zergling x2  
  57  4:16  Zergling x2  
  58  4:19  Queen  
  58  4:21  Overlord, Zergling x2  
  58  4:22  Zergling x6  
  58  4:34  Zergling x2  
  58  4:35  Zergling x10  
  60  4:47  Drone x4  
  64  4:57  Drone  
  64  4:58  Drone x4  
  59  5:14  Roach Warren  
  53  5:22  Drone  
  53  5:23  Drone x9  
  53  5:26  Drone  
  60  5:34  Zergling x2  
  60  5:35  Zergling x4  
  50  5:57  Roach  
  50  5:58  Roach x5  
  50  6:01  Drone  
  50  6:02  Drone  
  60  6:13  Drone, Roach  
  60  6:14  Drone x4  
  60  6:16  Extractor x2  
  60  6:17  Extractor  
  63  6:28  Drone x7  
  63  6:31  Drone x2  
  66  6:51  Drone x7  
  66  6:53  Overlord  
  73  7:10  Lair  
  73  7:11  Overlord x2  
  73  7:20  Extractor  
  73  7:21  Drone x9  
  73  7:22  Extractor  
  80  7:56  Roach x3  
  80  7:57  Roach x6  
  98  8:06  Overlord x3  
  97  8:18  Hydralisk Den  
  96  8:26  Roach  
  103  8:35  Evolution Chamber x2  
Show
View Real Time Build Order
Export as new Build Order

Kyo Protoss - Winner!

Build Orders: 4 Gate Adept 

Get SALT Encoding   

  12  0:00  Probe  
  14  0:18  Pylon  
  14  0:19  Probe  
  14  0:36  Probe (Chrono Boost)  
  14  0:41  Gateway  
  15  0:49  Probe (Chrono Boost)  
  16  0:56  Probe (Chrono Boost)  
  16  0:57  Assimilator  
  17  1:01  Assimilator  
  17  1:06  Probe (Chrono Boost)  
  18  1:13  Pylon  
  18  1:15  Probe (Chrono Boost)  
  19  1:23  Probe  
  20  1:29  Cybernetics Core  
  20  1:35  Probe  
  21  1:47  Probe  
  22  1:59  Probe  
  23  2:06  Robotics Facility  
  23  2:07  Warp Gate (Chrono Boost)  
  23  2:08  Adept (Chrono Boost)  
  25  2:11  Probe  
  25  2:13  Pylon  
  26  2:23  Probe  
  27  2:37  Mothership Core  
  29  2:53  Warp Prism (Chrono Boost)  
  29  2:58  Gateway  
  31  2:59  Gateway  
  31  3:03  Gateway  
  31  3:31  Nexus  
  31  3:48  Probe  
  30  3:56  Pylon  
  30  4:00  Adept x4  
  38  4:15  Observer (Chrono Boost)  
  39  4:25  Probe (Chrono Boost)  
  40  4:36  Immortal (Chrono Boost)  
  40  4:37  Probe (Chrono Boost)  
  45  4:44  Probe (Chrono Boost)  
  45  4:45  Adept x2  
  48  4:57  Probe  
  49  5:00  Probe  
  50  5:09  Probe  
  50  5:10  Adept x4  
  51  5:32  Adept x4  
  55  5:38  Probe x2  
  57  6:10  Probe  
  58  6:13  Pylon  
  58  6:14  Probe, Pylon  
  59  6:31  Immortal (Chrono Boost)  
  59  6:33  Probe  
  59  6:34  Probe  
  59  6:46  Probe x2, Assimilator  
  55  6:47  Sentry x3  
  55  6:48  Sentry, Stargate  
  55  6:50  Assimilator  
  61  6:58  Probe (Chrono Boost)  
  61  6:59  Probe (Chrono Boost)  
  63  7:03  Immortal  
  63  7:07  Gateway  
  63  7:08  Gateway, Probe (Chrono Boost)  
  68  7:10  Forge  
  68  7:14  Pylon  
  68  7:15  Pylon  
  68  7:16  Adept x2  
  68  7:21  Probe  
  73  7:25  Pylon  
  73  7:26  Probe  
  74  7:33  Probe, Void Ray (Chrono Boost)  
  79  7:37  Sentry x2  
  79  7:39  Sentry  
  85  7:58  Adept  
  85  8:03  Adept  
  85  8:04  Adept x2  
  97  8:26  Adept x2  
  99  8:30  Pylon x2  
  99  8:31  Pylon  
Tags
 
Add a new tag
Caveats
  • Supply blocks, unpowered buildings, or Contaminate may cause inaccurate times.
  • Supply counts are checked every 10 seconds.